 Dungeon Crawl Stone Soup version 0.31-a0-358-gac0dbeb3ab (webtiles) character file.

Game seed: 6061568580374309774

658 AdnanSaban the Cudgeller (level 7, -12/44 HPs)
             Began as a Gargoyle Fighter on July 25, 2023.
             Mangled by a gnoll sergeant
             ... wielding a +0 heavy trident
              (14 damage)
             ... on level 4 of the Dungeon.
             The game lasted 00:03:23 (4216 turns).

AdnanSaban the Cudgeller (Gargoyle Fighter)         Turns: 4216, Time: 00:03:23

Health: -12/44     AC: 14    Str: 22    XL:     7   Next: 55%
Magic:  7/7        EV:  8    Int:  8    God:
Gold:   238        SH:  4    Dex:  9    Spells: 6/6 levels left

rFire   . . .        a - +0 flail
rCold   . . .        c - +0 buckler
rNeg    + . .        u - +0 chain mail
rPois   ∞            (no helmet)
rElec   +            (no cloak)
rCorr   .            (no gloves)
SInv    .            (no boots)
Will    .....        i - amulet of the acrobat Stlth
                     (no ring)
HPRegen 0.27/turn    (no ring)
MPRegen 0.10/turn

%: acrobat
@: no status effects
A: sickness immunity, AC +4, negative energy resistance 1, electricity
resistance, torment resistance 1, petrification resistance
a: no special abilities


You were on level 4 of the Dungeon.
You visited 1 branch of the dungeon, and saw 5 of its levels.

You collected 238 gold pieces.

Inventory:

Hand Weapons
 a - a +0 flail (weapon)
 l - the +7 mace of Gyime {freeze, Drain rElec rN++ Int+3}
   (You found it on level 2 of the Dungeon)

   Int:       It affects your intelligence (+3).
   rElec:     It insulates you from electricity.
   rN:        It greatly protects you from negative energy.
   Drain:     It drains your maximum health when unequipped.
Missiles
 n - 2 javelins (quivered)
Armour
 c - a +0 buckler (worn)
 u - a +0 chain mail (worn)
Jewellery
 i - an amulet of the acrobat (around neck)
Wands
 t - a wand of flame (22)
Scrolls
 e - a scroll of acquirement {unknown}
 g - 3 scrolls of identify {unknown}
 h - a scroll of enchant weapon {unknown}
 j - 2 scrolls of enchant armour {unknown}
 m - 2 scrolls of brand weapon {unknown}
 o - a scroll of amnesia {unknown}
 p - a scroll of teleportation {unknown}
 s - a scroll of poison {unknown}
Potions
 b - 2 potions of attraction {unknown}
 d - 2 potions of might
 f - 2 potions of ambrosia {unknown}
 k - a potion of haste {unknown}
 q - 2 potions of heal wounds {unknown}
 r - a potion of degeneration {unknown}
 v - a potion of enlightenment {unknown}


   Skills:
 + Level 4.7 Fighting
 + Level 5.9 Maces & Flails
 + Level 4.8 Armour
 + Level 1.4 Dodging
 + Level 4.2 Shields


You had 6 spell levels left.
You didn't know any spells.
Your spell library contained the following spells:

 Spells                   Type           Power      Damage    Failure   Level
 Freeze                   Ice            0%         1d3       97%         1
 Blink                    Tloc           0%         N/A       99%         2
 Lesser Beckoning         Tloc           0%         N/A       99%         2
 Momentum Strike          Conj/Tloc      0%         3d8       99%         2
 Frozen Ramparts          Ice            0%         1d1       100%        3
 Hailstorm                Conj/Ice       0%         3d3       100%        3


Dungeon Overview and Level Annotations

Branches:
Dungeon (5/15)
 Temple: D:4-7

Altars:
Dithmenos
Gozag
Hepliaklqana
Vehumet
The Shining One


Innate Abilities, Weirdness & Mutations

You are immune to sickness and miasma.
Your stone body is resilient. (AC +4)
You are immune to poison.
You resist negative energy. (rN+)
You are resistant to electric shocks. (rElec)
You are resistant to unholy torment.
You are immune to petrification.


Message History

You are too injured to fight recklessly!
You are too injured to fight recklessly!
You are too injured to fight recklessly!
You are too injured to fight recklessly!
You are too injured to fight recklessly!
You are too injured to fight recklessly!
You are too injured to fight recklessly!
You are too injured to fight recklessly!
You are too injured to fight recklessly!
You are too injured to fight recklessly!
You are too injured to fight recklessly!
You are too injured to fight recklessly!
You are too injured to fight recklessly!
You are too injured to fight recklessly!
You hit the gnoll sergeant but do no damage.
The gnoll sergeant is lightly wounded.
The gnoll sergeant blocks your attack.
The gnoll sergeant is lightly wounded.
The gnoll sergeant hits you but does no damage.
You hit the gnoll sergeant.
The gnoll sergeant is moderately wounded.
The gnoll sergeant hits you with a +0 heavy trident.
You hit the gnoll sergeant but do no damage.
The gnoll sergeant is moderately wounded.
The gnoll sergeant hits you with a +0 heavy trident!
* * * LOW HITPOINT WARNING * * *
You hit the gnoll sergeant.
The gnoll sergeant is moderately wounded.
You closely miss the gnoll sergeant.
The gnoll sergeant is moderately wounded.
The gnoll sergeant hits you with a +0 heavy trident.
* * * LOW HITPOINT WARNING * * *
You hit the gnoll sergeant.
The gnoll sergeant is heavily wounded.
The gnoll sergeant hits you with a +0 heavy trident.
* * * LOW HITPOINT WARNING * * *
You hit the gnoll sergeant but do no damage.
The gnoll sergeant is heavily wounded.
The gnoll sergeant hits you with a +0 heavy trident!
You die...

.......#####.....# #.# #.
##.#####...#####.## #.#########.
#..'....._.....'..# #...........
)..#####...#####..# ############
.......#####......#
....#.............#
#####.#.##+##...###
#####.#......#..g################
...##.#......#..@)†........^.....
##.'..#......####################
...##.####'####### #..........
#####.# #.......######..))#.....
#####.# #.......#.........######
....#.# #.......................
....#.####.........#######.#.####
...................# #.#<#
....#.####.......#.# ###########


You could see a gnoll sergeant.

Vanquished Creatures
  Sigmund (D:3)
  An ogre (D:5)
  A scorpion (D:4)
  3 jellies
  4 hounds (D:5)
  2 gnolls
  4 adders
  A worm (D:4)
  3 dart slugs
  An orc (D:3)
  14 endoplasms
  3 giant cockroaches
  3 hobgoblins
  11 jackals
  15 kobolds
  3 quokkas
  5 ball pythons
  8 bats
  2 frilled lizards
  4 goblins
  3 rats
92 creatures vanquished.

Notes
Turn   | Place    | Note
-------+----------+-------------------------------------------
     0 | D:1      | AdnanSaban the Gargoyle Fighter began the quest for the
                  | Orb.
     0 | D:1      | Reached XP level 1. HP: 14/14 MP: 1/1
   166 | D:1      | Reached XP level 2. HP: 19/19 MP: 2/2
   656 | D:2      | Reached XP level 3. HP: 20/23 MP: 3/3
   891 | D:2      | Identified the +7 mace of Gyime {freeze, Drain rElec rN++
                  | Int+3}
  1678 | D:2      | Reached XP level 4. HP: 23/29 MP: 4/4
  1680 | D:2      | Reached skill level 3 in Maces & Flails
  1782 | D:2      | Reached XP level 5. HP: 3/33 MP: 5/5
  2209 | D:3      | Found a radiant altar of Vehumet.
  2310 | D:3      | Noticed Sigmund
  2326 | D:3      | Killed Sigmund
  2327 | D:3      | Reached skill level 4 in Maces & Flails
  2327 | D:3      | Reached XP level 6. HP: 38/38 MP: 6/6
  2604 | D:3      | Found a faded altar of an unknown god.
  3054 | D:4      | Reached skill level 5 in Maces & Flails
  3130 | D:4      | Found a glowing golden altar of the Shining One.
  3160 | D:4      | Found a hazy altar of Hepliaklqana.
  3437 | D:4      | Found a shadowy altar of Dithmenos.
  3446 | D:4      | Reached skill level 1 in Dodging
  3708 | D:4      | Found an opulent altar of Gozag.
  3979 | D:5      | Entered Level 5 of the Dungeon
  4029 | D:5      | Reached XP level 7. HP: 42/44 MP: 7/7
  4215 | D:4      | HP: 2/44 [gnoll sergeant/+0 heavy trident (3)]
  4216 | D:4      | Mangled by a gnoll sergeant

Illustrated notes

Levels and vault maps discovered:
D:1:      nzn_arrival_depleted_hourglass, layout_rooms, st_stairs_2
D:2:      cheibrodos_fertilizer, layout_basic, dk_noncrumbling_3
D:3:      layout_loops_corners, nicolae_vehumet_altar_sigil,
          ebering_ecumenical_altar_hall, minmay_misc_feat_x, uniq_sigmund
D:4:      layout_basic, nicolae_dithmenos_the_darkroom,
          nicolae_gozag_cash_rules_everything_around_me,
          nicolae_tso_swordbearing_angel, mainiacjoe_overflow_surrounded_room,
          minmay_misc_feat_iff
D:5:      layout_cave_pools, nicolae_ru_path_of_blood, serial_shops, shop,
          serial_gnoll_camp, gnoll_camp_mini_house, gnoll_camp_huts_moat,
          grums_kennel, gnoll_camp_mini_basic, gnoll_camp_mini_shop,
          gnoll_camp_mini_basic, minmay_misc_feat_tower

Skill      XL: |  1  2  3  4  5  6 |
---------------+-------------------+-----
Maces & Flails | 3 4 5 |  5.9
Armour         | 4 |  4.8
Fighting       | 4 |  4.7
Dodging        | 1 |  1.4
Shields        | 4 |  4.2

Action                     |  1- 3 |  4- 6 |  7- 9 || total
---------------------------+-------+-------+-------++-------
  Melee: Flail             |   137 |   166 |    55 ||   358
 Armour: Scale mail        |    89 |    73 |       ||   162
         Chain mail        |       |    25 |    39 ||    64
  Dodge: Dodged            |    72 |    95 |    28 ||   195
  Block: Buckler           |    27 |    38 |    11 ||    76

Table legend: (Time is in decaauts)
 A = Elapsed time spent in this place.
 B = Non-inter-level travel time spent in this place.
 C = Inter-level travel time spent in this place.
 D = Time resting spent in this place.
 E = Time spent auto-exploring this place.
 F = Levels seen in this place.
 G = Mean time per level.
                   A        B        C        D        E       F      G
               +--------+--------+--------+--------+--------+-----+--------+
         Total |   4300 |   3958 |    342 |    175 |   3047 |   5 |  860.0 |
       Dungeon |   4300 |   3958 |    342 |    175 |   3047 |   5 |  860.0 |
               +--------+--------+--------+--------+--------+-----+--------+

Top non-repeatable levels by time:
     D:2: 1568 daAuts
     D:4: 1040 daAuts
     D:3: 873 daAuts
     D:1: 665 daAuts
     D:5: 151 daAuts
